 Dungeon Crawl Stone Soup version 0.29.1-1-gd02db6906a (webtiles) character file.

Game seed: 10267721466784298348

1558 mcbry74 the Cleaver (level 8, -1/66 HPs)
             Began as a Minotaur Fighter on Sept 29, 2022.
             Slain by an acid dragon (7 damage)
             ... on level 6 of the Dungeon.
             The game lasted 00:12:28 (4686 turns).

mcbry74 the Cleaver (Minotaur Fighter)              Turns: 4686, Time: 00:12:29

Health: -1/66      AC:  5    Str: 20    XL:     8   Next: 58%
Magic:  7/7        EV:  9    Int:  7    God:
Gold:   324        SH:  4    Dex: 11    Spells: 7/7 levels left

rFire   . . .      SeeInvis .   a - +0 war axe
rCold   . . .      Faith    .   c - +0 buckler
rNeg    . . .      Spirit   .   b - +0 scale mail
rPois   .          Reflect  .   p - +0 hat
rElec   .          Harm     .   f - +0 cloak
rCorr   .          Rampage  .   (no gloves)
Will    .....                   h - +0 pair of boots
Stlth   ..........              (no amulet)
HPRegen 0.21/turn               (no ring)
MPRegen 0.10/turn               (no ring)

@: corroded
A: horns 2, retaliatory headbutt
a: no special abilities


You were on level 6 of the Dungeon.
You visited 1 branch of the dungeon, and saw 7 of its levels.

You collected 324 gold pieces.

Inventory:

Hand Weapons
 a - a +0 war axe (weapon)
Missiles
 l - 15 poisoned darts (quivered)
 m - 70 stones
 F - 2 silver boomerangs
Armour
 b - a +0 scale mail (worn)
 c - a +0 buckler (worn)
 f - a +0 cloak (worn)
 h - a +0 pair of boots (worn)
 p - a +0 hat (worn)
 M - a +0 chain mail
Jewellery
 d - a ring of resist corrosion
 y - a ring of wizardry
 B - a +4 ring of protection
 E - an amulet of faith
Wands
 D - a wand of polymorph (3)
 G - a wand of paralysis (7)
Scrolls
 e - 4 scrolls of identify {unknown}
 g - a scroll of blinking {unknown}
 i - a scroll of poison {unknown}
 q - a scroll of brand weapon {unknown}
 s - 2 scrolls of teleportation {unknown}
 t - a scroll of silence {unknown}
 x - a scroll of fear {unknown}
 z - a scroll of enchant armour {unknown}
 H - a scroll of noise {unknown}
 K - a scroll of amnesia {unknown}
 L - a scroll of torment {unknown}
Potions
 j - 3 potions of mutation {unknown}
 k - 2 potions of berserk rage {unknown}
 n - a potion of flight {unknown}
 o - 5 potions of curing
 r - 2 potions of heal wounds {unknown}
 u - a potion of cancellation {unknown}
 v - 2 potions of degeneration {unknown}
 w - 3 potions of magic {unknown}
 A - 2 potions of attraction {unknown}
 C - 2 potions of brilliance {unknown}
 I - a potion of might
 J - a potion of haste {unknown}


   Skills:
 - Level 4.0 Fighting
 * Level 11.2 Axes
 + Level 4.9 Throwing
 - Level 4.0 Armour
 - Level 4.0 Shields


You had 7 spell levels left.
You didn't know any spells.
Your spell library contained the following spells:

 Spells                   Type           Power      Damage    Failure   Level
 Beastly Appendage        Tmut           0%         N/A       86%         1
 Shock                    Conj/Air       0%         1d3       86%         1
 Wereblood                Tmut           0%         N/A       95%         2
 Spider Form              Tmut/Pois      0%         N/A       99%         3
 Swiftness                Air            0%         N/A       99%         3
 Airstrike                Air            0%         2d(0-16)  100%        4
 Conjure Ball Lightning   Conj/Air       0%         3x3d6     100%        6
 Discord                  Hex            0%         N/A       100%        8
 Disjunction              Tloc           0%         N/A       100%        8


Dungeon Overview and Level Annotations

Branches:
Dungeon (7/15)
 Temple: D:4-7

Altars:
Sif Muna
Uskayaw


Innate Abilities, Weirdness & Mutations

You have a pair of horns on your head.
You reflexively headbutt those who attack you in melee.


Message History

There is an escape hatch in the ceiling here.
An acid dragon comes into view.
The acid dragon roars!
The acid dragon spits acid at you. The splash of acid hits you!
You start resting.
An acid dragon is nearby!
You hit the acid dragon but do no damage.
Your headbutt misses the acid dragon. The acid dragon bites you.
The acid dragon claws you.
You slash the acid dragon!
The acid dragon is heavily wounded.
The acid dragon bites you but does no damage.
The acid dragon claws you.
You barely miss the acid dragon. You headbutt the acid dragon!
The acid dragon is severely wounded.
The acid dragon bites you! The acid dragon barely misses you.
You closely miss the acid dragon.
The acid dragon is severely wounded.
The acid dragon completely misses you. You furiously retaliate!
You headbutt the acid dragon, but do no damage.
The acid dragon closely misses you.
You completely miss the acid dragon.
The acid dragon is severely wounded.
The acid dragon bites you. The acid dragon misses you.
You closely miss the acid dragon. You headbutt the acid dragon.
The acid dragon is almost dead.
The acid dragon spits acid at you. The splash of acid hits you!!
* * * LOW HITPOINT WARNING * * *
The acid corrodes you!
You hit the acid dragon but do no damage.
The acid dragon is almost dead.
The acid dragon bites you.
* * * LOW HITPOINT WARNING * * *
The acid dragon barely misses you.
You barely miss the acid dragon. Your headbutt misses the acid dragon.
The acid dragon is almost dead.
The acid dragon bites you!
You die...

###........#.........
#.#
.........#.#.........
#.# #
###......#.#.........
#.# #
#......#...........
#.# #
#......###.########
###.#### ########
#..# #.....##
#######.########
#.....##
.........D.....#
#.....##
.........#@....#
###.###
.........##....# #.#
.........##....# #.#
.........##....# #.#
###.....###...### #.#
#.....# #.....# #.#
#..D..# #...#.# #.# #
#.....# #...#.### #.#
# #.....# #...#...#
#<# #


You could see an acid dragon (catching breath).

Vanquished Creatures
  Duvessa (D:5)
  3 black bears
  An orc warrior (D:7)
  3 ogres
  A centaur (D:5)
  A kobold brigand (D:7)
  Blork the orc (D:4)
  2 bullfrogs (D:7)
  2 scorpions
  A wight (D:7)
  Dowan (D:5)
  A hound (D:6)
  An orc priest (D:5)
  3 iguanas
  An orc wizard (D:6)
  2 adders
  A shadow imp (D:6)
  A white imp (D:6)
  An ufetubus (D:7)
  A worm (D:2)
  2 dart slugs
  22 orcs
  4 ball pythons
  3 bats
  A giant cockroach (D:1)
  2 goblins (D:1)
  3 hobgoblins (D:1)
  6 jackals (D:1)
  4 quokkas
  4 frilled lizards
  13 kobolds
  5 rats
98 creatures vanquished.

Vanquished Creatures (others)
  An orc (D:7)
  2 demonic plants (D:1)
  2 fungi (D:1)
  2 plants (D:1)
  2 withered plants (D:1)
9 creatures vanquished.

Grand Total: 107 creatures vanquished

Notes
Turn   | Place    | Note
-------+----------+-------------------------------------------
     0 | D:1      | mcbry74 the Minotaur Fighter began the quest for the Orb.
     0 | D:1      | Reached XP level 1. HP: 19/19 MP: 0/0
   170 | D:1      | Reached XP level 2. HP: 27/27 MP: 1/1
   184 | D:1      | Reached skill level 3 in Axes
   279 | D:1      | Found a faded altar of an unknown god.
   573 | D:1      | Reached XP level 3. HP: 33/33 MP: 2/2
  1357 | D:3      | Reached skill level 4 in Axes
  1362 | D:4      | Noticed Blork the orc
  1372 | D:4      | Killed Blork the orc
  1373 | D:4      | Reached skill level 5 in Axes
  1373 | D:4      | Reached XP level 4. HP: 38/40 MP: 3/3
  1796 | D:4      | Reached XP level 5. HP: 32/46 MP: 4/4
  2141 | D:5      | Entered Level 5 of the Dungeon
  2141 | D:5      | Noticed Duvessa
  2141 | D:5      | Noticed Dowan
  2198 | D:5      | Reached skill level 6 in Axes
  2310 | D:5      | Noticed a centaur
  2313 | D:5      | Killed a centaur
  2314 | D:5      | Reached skill level 7 in Axes
  2314 | D:5      | Reached XP level 6. HP: 46/52 MP: 5/5
  2377 | D:5      | Reached skill level 1 in Throwing
  2389 | D:5      | Reached skill level 8 in Axes
  2648 | D:5      | Reached XP level 7. HP: 59/59 MP: 6/6
  2676 | D:5      | Killed Duvessa
  2686 | D:5      | Killed Dowan
  2687 | D:5      | Reached skill level 9 in Axes
  2932 | D:5      | You fall into a shaft and drop 2 floors!
  2932 | D:7      | Found a hide-covered altar of Uskayaw.
  3311 | D:7      | Reached skill level 10 in Axes
  3311 | D:7      | Reached XP level 8. HP: 58/66 MP: 7/7
  3632 | D:7      | Noticed a hornet
  3800 | D:6      | Found a shimmering blue altar of Sif Muna.
  4315 | D:6      | Reached skill level 11 in Axes
  4686 | D:6      | Slain by an acid dragon

Illustrated notes

Levels and vault maps discovered:
D:1:      minmay_arrival_three_doors, layout_loops_ring,
          shapermc_ecumenical_altar_gd
D:2:      layout_loops_ring, uniq_natasha
D:3:      layout_loops_corners, lemuel_coloured_pillars_altar
D:4:      layout_loops_ring, chequers_serial_rivers_micro_c, uniq_blork_the_orc
D:5:      layout_basic, dk_noncrumbling_4, nicolae_shop_gadgets, uniq_duvessa
D:6:      layout_basic, old_standard_altar
D:7:      layout_rooms, nicolae_uskayaw_dance_hall, marbit_many_paths,
          lemuel_temple_firewalk_a, amcnicky_mini_rare_corridor_liquid,
          minmay_misc_feat_ornament, chequers_serial_rivers_marsh,
          eino_small_chamber_without_monster, minmay_diced_spiral

Skill      XL: |  1  2  3  4  5  6  7  8 |
---------------+-------------------------+-----
Axes           | 3 5 7 8 10 11 | 11.2
Fighting       | 4 |  4.0
Armour         | 4 |  4.0
Shields        | 4 |  4.0
Throwing       | 2 3 4 |  4.9

Action                   |  1- 3 |  4- 6 |  7- 9 || total
-------------------------+-------+-------+-------++-------
Melee: War axe           |   110 |    52 |   140 ||   302
       Headbutt          |    16 |     6 |    27 ||    49
Throw: Dart              |     5 |    11 |     3 ||    19
  Use: Potion            |     1 |       |       ||     1
Armor: Scale mail        |    59 |    24 |    57 ||   140
Dodge: Dodged            |    44 |    36 |    58 ||   138
Block: Buckler           |    20 |    11 |    15 ||    46
